AoeStats
← AiM | CyclopsTron

Arena

504148141Analyzed
4v4 RM · 28d ago on Sep 4, 2026· 12m 47s· 8 players
Game mode
Random Map
Map size
Large (8 player)
Population
200
Speed
Normal
Resources
Standard
Victory
Conquest
Starting age
Dark Age
Ending age
Imperial Age
RankedLock teamsTeams togetherTeam positionsShared explorationLock speedFull tech treeHidden civsTurbo modeCheats
Victory
Defeat
🇲🇽 Teutons · Mexico
1656
+8
🇨🇱 Georgians · Chile
1541
+12
🇨🇱 Bohemians · Chile
1476
+15
🇨🇱 Persians · Chile
1467
+16
🇲🇽 Persians · Mexico
1484
-14
🇵🇪 Tatars · Peru
1463
-13
🇦🇷 Italians · Argentina
1451
-12
🇯🇵 Celts · Japan
1447
-12
MZTK | Proyecto Maztek
10:53 Feudal Age
Keishi
10:27 Feudal Age
11:43 Double-Bit Axe
Matteo426
10:01 Feudal Age
13:48 Castle Age
ACN_Mk
9:39 Feudal Age
9:00 Loom
AiM | CyclopsTron
5:55 Loom
8:26 Feudal Age
9:12 Double-Bit Axe
11:01 Fletching
AiM | Walter Quiver
11:01 Feudal Age
15:23 Castle Age
AiM | Ogazjoker
9:35 Feudal Age
10:18 Loom
13:42 Castle Age
12:15 Double-Bit Axe
AiM | Shuffle
10:52 Feudal Age
14:51 Castle Age
12:55 Horse Collar
Connection lost

Rejoining the realm…

Still unreachable

The connection could not be restored.

Session expired

The server has moved on; the page needs a fresh start.